 Dungeon Crawl Stone Soup version 0.28.0-53-g5a82cb258f (webtiles) character file.

Game seed: 516504530642842546

255 hawla the Digger (level 5, -3/28 HPs)
             Began as a Deep Elf Earth Elementalist on June 12, 2022.
             Slain by a gnoll sergeant
             ... wielding a +0 trident
              (11 damage)
             ... on level 4 of the Dungeon.
             The game lasted 00:10:59 (4434 turns).

hawla the Digger (Deep Elf Earth Elementalist)      Turns: 4434, Time: 00:10:59

Health: -3/28      AC:  2    Str: 10    XL:     5   Next: 91%
Magic:  22/22      EV: 12    Int: 20    God:
Gold:   120        SH:  3    Dex: 15    Spells: 8/12 levels left

rFire   + . .      SeeInvis .   m - +7 long sword "Xiawn" {speed, MP+9 Str+3}
rCold   . . .      Faith    .   q - +0 buckler
rNeg    . . .      Spirit   .   b - +0 robe
rPois   +          Reflect  .   (no helmet)
rElec   .          Harm     .   (no cloak)
rCorr   .          Rampage  .   (no gloves)
Will    .....                   (no boots)
Stlth   ++........              g - amulet of magic regeneration
HPRegen 0.09/turn               a - ring of protection from fire
MPRegen 0.58/turn               p - ring of poison resistance

@: no status effects
A: no striking features
a: no special abilities


You were on level 4 of the Dungeon.
You visited 1 branch of the dungeon, and saw 4 of its levels.

You collected 120 gold pieces.

Inventory:

Hand Weapons
 m - the +7 long sword "Xiawn" (weapon) {speed, MP+9 Str+3}
   (You found it on level 3 of the Dungeon)

   Attacks with this weapon are significantly faster.
   Str:       It affects your strength (+3).
   MP:        It affects your magic capacity (+9).
Missiles
 c - 3 atropa-tipped darts
 e - 11 poisoned darts
Armour
 b - a +0 robe (worn)
 q - a +0 buckler (worn)
Jewellery
 a - a ring of protection from fire (left hand)
 g - an amulet of magic regeneration (around neck)
 p - a ring of poison resistance (right hand)
Wands
 l - a wand of iceblast (11)
Scrolls
 d - 2 scrolls of teleportation
 k - a scroll of blinking
 n - a scroll of holy word {unknown}
 o - a scroll of amnesia
 s - a scroll of noise {unknown}
Potions
 f - a potion of cancellation
 h - a potion of brilliance
 i - a potion of mutation {unknown}
 j - a potion of curing
 r - a potion of flight


   Skills:
 + Level 0.1 Fighting
 + Level 0.2 Long Blades
 + Level 2.5 Dodging
 - Level 3.0 Stealth
 - Level 4.3 Spellcasting
 * Level 1.7 Conjurations
 + Level 1.1 Transmutations
 * Level 6.2 Earth Magic


You had 8 spell levels left.
You knew the following spells:

 Your Spells              Type           Power      Damage    Failure   Level
a - Foxfire               Conj/Fire      28%        2x1d5     12%         1
b - Stone Arrow           Conj/Erth      40%        3d9       10%         3

Your spell library contained the following spells:

 Spells                   Type           Power      Damage    Failure   Level
 Sandblast                Erth           58%        2d13      1%          1
 Passwall                 Tmut/Erth      15%        N/A       6%          2
 Static Discharge         Conj/Air       7%         N/A       19%         2
 Conjure Flame            Conj/Fire      7%         6-21      34%         3
 Petrify                  Tmut/Erth      18%        N/A       36%         4
 Inner Flame              Hex/Fire       4%         N/A       45%         3
 Flame Wave               Conj/Fire      7%         2d5       75%         4
 Sticky Flame             Conj/Fire      7%         2d3       75%         4
 Cause Fear               Hex            2%         N/A       86%         4
 Dispel Undead            Necr           4%         3d7       86%         4
 Dragon Form              Tmut           4%         N/A       100%        7
 Dragon's Call            Summ           2%         N/A       100%        9


Dungeon Overview and Level Annotations

Branches:
Dungeon (4/15)
 Temple: D:4-7

Altars:

Annotations:
D:3 3 runed translucent doors, hawla's ghost, amateur DENe


Message History

A giant cockroach is nearby!
A giant cockroach is nearby!
A giant cockroach is nearby!
The giant cockroach misses you.
You slash the giant cockroach!
You kill the giant cockroach!
No target in view!
No target in view!
You now have 120 gold pieces (gained 5).
A gnoll comes into view. It is wielding a +0 halberd.
A gnoll is nearby!
A gnoll is nearby!
A gnoll is nearby!
A gnoll is nearby!
The gnoll shouts!
The gnoll misses you. The gnoll barely misses you.
You slash the gnoll!
The gnoll is severely wounded.
The gnoll closely misses you.
You hit the gnoll.
The gnoll is almost dead.
The gnoll closely misses you.
You hit the gnoll.
You kill the gnoll!
The gnoll sergeant hits you with a +0 trident!
You closely miss the gnoll sergeant.
The gnoll sergeant hits you but does no damage.
You closely miss the gnoll sergeant.
The gnoll sergeant hits you with a +0 trident.
You are too injured to fight recklessly!
Casting: Foxfire (safe; 12% risk of failure)
Confirm with . or Enter, or press ? or * to list all spells.
You conjure some foxfire!
The gnoll sergeant hits you with a +0 trident.
* * * LOW HITPOINT WARNING * * *
The foxfire hits the gnoll sergeant but does no damage. x2
You block the gnoll sergeant's attack.
The gnoll sergeant hits you from afar with a +0 trident!
You die...

#...........#.......#
.#.
#.....)#.####.$.....#
.... #....#.#.#
#.......# ....
##...#.#.# #.......#
.... +.....#.#
#.......### #.#.
#...###.# #.......).#
#... #...# #.#
#..g....#.# #.. #...#
#.####.......#.# ..>
..... #.....@......#
# ###
######.##############
.


You could see a gnoll sergeant.

Vanquished Creatures
  A scorpion (D:4)
  Jessica (D:3)
  2 adders
  6 gnolls
  2 ufetubi (D:4)
  5 dart slugs
  An orc (D:3)
  5 bats
  6 endoplasms
  3 giant cockroaches
  7 goblins
  7 hobgoblins
  3 quokkas
  12 ball pythons
  3 frilled lizards
  6 kobolds
  4 rats
74 creatures vanquished.

Vanquished Creatures (others)
  27 foxfires (D:4)
27 creatures vanquished.

Grand Total: 101 creatures vanquished

Notes
Turn   | Place    | Note
-------+----------+-------------------------------------------
     0 | D:1      | hawla the Deep Elf Earth Elementalist began the quest for
                  | the Orb.
     0 | D:1      | Reached XP level 1. HP: 10/10 MP: 6/6
     5 | D:1      | Found a faded altar of an unknown god.
   140 | D:1      | Reached XP level 2. HP: 13/15 MP: 4/8
   143 | D:1      | Reached skill level 4 in Earth Magic
  1186 | D:2      | Reached XP level 3. HP: 19/19 MP: 7/9
  1536 | D:2      | Reached XP level 4. HP: 24/24 MP: 3/12
  1540 | D:2      | Learned a level 3 spell: Stone Arrow
  2773 | D:3      | Reached skill level 5 in Earth Magic
  3012 | D:3      | Identified the +7 long sword "Xiawn" {speed, MP+9 Str+3}
  3133 | D:3      | Noticed a scorpion
  3133 | D:3      | Noticed hawla's ghost (amateur DENe)
  3135 | D:3      | Found a runed translucent gate.
  3135 | D:3      | Found a runed translucent gate.
  3135 | D:3      | Found a runed translucent gate.
  3480 | D:3      | Noticed Jessica
  3483 | D:3      | Killed Jessica
  3484 | D:3      | Reached skill level 1 in Conjurations
  3484 | D:3      | Reached XP level 5. HP: 28/28 MP: 13/13
  3659 | D:4      | Learned a level 1 spell: Foxfire
  3885 | D:4      | Reached skill level 6 in Earth Magic
  4434 | D:4      | Slain by a gnoll sergeant

Illustrated notes

Levels and vault maps discovered:
D:1:      eino_arrival_druids_welcome, layout_basic,
          nicolae_ecumenical_snake_handling
D:2:      layout_rooms, serial_co_window_serial, co_window_paths_b,
          co_window_paths_a, co_window_paths_b, co_window_corner_a,
          co_window_of_opportunity_a, co_window_unsneaky_path_c,
          co_window_corner_b, co_window_paths_c, co_window_broadway_b,
          co_window_broadway_a, co_window_of_opportunity_b, co_window_paths_e,
          co_window_4corner_a, glass_columns_b
D:3:      layout_basic, gammafunk_ghost_split, kennysheep_jessica_study
D:4:      layout_basic, minmay_temple_entry_drinking_statues

Skill      XL: |  1  2  3  4  5 |
---------------+----------------+-----
Earth Magic    | 4 5 6 |  6.2
Stealth        | 3 |  3.0
Spellcasting   | 4 |  4.3
Conjurations   | 1 |  1.7
Fighting       | |  0.1
Long Blades    | |  0.2
Dodging        | |  2.5
Transmutations | |  1.1

Action                   |  1- 3 |  4- 6 || total
-------------------------+-------+-------++-------
Melee: Unarmed           |     1 |       ||     1
       Long sword        |       |    15 ||    15
 Cast: Sandblast         |    52 |     5 ||    57
       Stone Arrow       |       |    23 ||    23
       Foxfire           |       |    14 ||    14
  Use: Scroll            |     2 |     8 ||    10
 Stab: Sleeping          |       |     1 ||     1
Armor: Robe              |     5 |     6 ||    11
Dodge: Dodged            |     6 |    19 ||    25
Block: Buckler           |       |     9 ||     9
